 Dungeon Crawl Stone Soup version 0.30-a0-596-g0af90f9a20 (webtiles) character file.

Game seed: 4770214805924652051

13729 pokeman the Thaumaturge (level 11, -1/60 HPs)
             Began as a Deep Elf Hedge Wizard on Jan 6, 2023.
             Was an Elder of Vehumet.
             Slain by a vampire (7 damage)
             ... on level 12 of the Dungeon.
             The game lasted 00:34:45 (14742 turns).

pokeman the Thaumaturge (Deep Elf Hedge Wizard)    Turns: 14742, Time: 00:34:45

Health: -1/60      AC:  6    Str: 11    XL:     11   Next: 79%
Magic:  25/40      EV: 13    Int: 23    God:    Vehumet [****..]
Gold:   650        SH:  0    Dex: 13    Spells: 23/38 levels left

rFire   + . .      SeeInvis +    R - +1 short sword (venom)
rCold   . . .      Faith    .    (no shield)
rNeg    . . .      Spirit   .    Q - +0 steam dragon scales
rPois   .          Reflect  .    T - +0 helmet
rElec   .          Harm     .    l - scarf {repulsion}
rCorr   .          Rampage  .    (no gloves)
Will    +....                    (no boots)
Stlth   ++                       L - amulet of magic regeneration
HPRegen 0.30/turn                o - ring of magical power
MPRegen 0.67/turn                J - ring of protection from fire

@: very slightly contaminated, repel missiles
A: see invisible, strong 1
a: Renounce Religion


You were on level 12 of the Dungeon.
You worshipped Vehumet.
Vehumet was greatly pleased with you.
You visited 2 branches of the dungeon, and saw 13 of its levels.
You also visited: Sewer and Bailey.

You collected 747 gold pieces.
You spent 97 gold pieces at shops.

Inventory:

Hand Weapons
 R - a +1 short sword of venom (weapon)
Missiles
 I - a throwing net
Armour
 l - a scarf of repulsion (worn)
 B - a +0 buckler
 Q - +0 steam dragon scales (worn)
 T - a +0 helmet (worn)
 Z - a +2 robe of cold resistance
Magical Staves
 X - a staff of poison
Jewellery
 o - a ring of magical power (left hand)
 J - a ring of protection from fire (right hand)
 L - an amulet of magic regeneration (around neck)
Wands
 K - a wand of light (7)
 N - a wand of polymorph (23)
Scrolls
 p - 5 scrolls of blinking
 y - 4 scrolls of magic mapping {unknown}
 C - 2 scrolls of teleportation {unknown}
 G - 5 scrolls of fog {unknown}
 O - 5 scrolls of enchant weapon
 P - 2 scrolls of noise {unknown}
 S - a scroll of summoning {unknown}
 Y - 3 scrolls of acquirement {unknown}
Potions
 a - 4 potions of curing {unknown}
 b - 2 potions of flight {unknown}
 d - 2 potions of magic
 g - 12 potions of degeneration
 h - a potion of invisibility {unknown}
 n - a potion of mutation
 v - 2 potions of attraction {unknown}
 x - 2 potions of haste {unknown}
 A - a potion of berserk rage {unknown}
 D - a potion of cancellation {unknown}
 E - 2 potions of heal wounds {unknown}
 H - 2 potions of might {unknown}
Miscellaneous
 M - a box of beasts


   Skills:
 - Level 3.0 Fighting
 - Level 3.0 Armour
 - Level 3.1 Dodging
 - Level 3.2 Stealth
 + Level 4.2 Shields
 * Level 14.1 Spellcasting
 + Level 10.0 Conjurations
 + Level 8.1 Summonings
 - Level 1.1 Translocations
 + Level 7.6 Fire Magic
 - Level 1.3 Air Magic
 - Level 2.0 Earth Magic
 - Level 1.0 Poison Magic
 - Level 1.0 Evocations


You had 23 spell levels left.
You knew the following spells:

 Your Spells              Type           Power      Damage    Failure   Level
a - Magic Dart            Conj           100%       1d8       1%          1
b - Mephitic Cloud        Conj/Pois/Air  35%        N/A       1%          3
c - Call Imp              Summ           52%        N/A       1%          2
d - Blink                 Tloc           42%        N/A       3%          2
e - Flame Wave            Conj/Fire      54%        2d13      1%          4
f - Stone Arrow           Conj/Erth      86%        3d12      1%          3

Your spell library contained the following spells:

 Spells                   Type           Power      Damage    Failure   Level
 Airstrike                Air            11%        2d(2-18)  6%          4
 Summon Small Mammal      Summ           100%       N/A       1%          1
 Poisonous Vapours        Pois/Air       42%        N/A       1%          2
 Inner Flame              Hex/Fire       33%        N/A       1%          3
 Sticky Flame             Conj/Fire      54%        2d7       1%          4
 Apportation              Tloc           42%        N/A       2%          1
 Necrotise                Necr           64%        1d7       3%          1
 Slow                     Hex            64%        N/A       3%          1
 Sting                    Tmut/Pois      72%        1d6       3%          1
 Cigotuvi's Dreadful Rot  Necr/Pois/Air  38%        N/A       4%          2
 Animate Armour           Summ/Erth      78%        N/A       4%          4
 Olgreb's Toxic Radiance  Pois           21%        N/A       7%          4
 Lehudib's Crystal Spear  Conj/Erth      21%        10d6      99%         8


Dungeon Overview and Level Annotations

Branches:
Dungeon (12/15)            Temple (1/1) D:6            Lair (0/5) D:10
    Orc (0/2) D:9           Sewer (visited)          Bailey (visited)

Altars:
Ashenzari
Cheibriados
Dithmenos
Elyvilon
Fedhas
Gozag
Hepliaklqana
Kikubaaqudgha
Makhleb
Nemelex Xobeh
Okawaru
Qazlal
Ru
Sif Muna
Trog
Uskayaw
Vehumet
Wu Jian
Xom
Yredelemnul
Zin
The Shining One

Shops:
D:9 *:[

Annotations:
D:12 exclusion: 3 doors


Innate Abilities, Weirdness & Mutations

You have supernaturally acute eyesight. (SInv)
Your muscles are strong. (Str +4, Int/Dex -1)


Message History

The flame wave engulfs the centaur!
The centaur is moderately wounded.
The centaur shouts, "What's happening?!"
The vampire draws life force from you!
The vampire is healed by the life force!
The purple ugly thing barely misses you.
A howler monkey comes into view.
Unknown command.
Casting: Flame Wave (safe; 1% risk of failure)
Confirm with . or Enter, or press ? or * to list all spells.
Restarting spell: Flame Wave (safe; 1% risk of failure)
Press: ? - help, Dir - look around, f - activate A wave of flame ripples out!
The flame wave engulfs the purple ugly thing!
The purple ugly thing is severely wounded.
The flame wave engulfs the vampire but does no damage.
The vampire is moderately damaged. (Press . to intensify the flame waves.)
The vampire hits you!
* * * LOW HITPOINT WARNING * * *
The vampire bites you.
* * * LOW HITPOINT WARNING * * *
The vampire draws strength from your injuries!
Unknown command.
A wave of flame ripples out!
The flame wave engulfs the vampire!
The vampire is heavily damaged.
The flame wave engulfs the purple ugly thing!
You kill the purple ugly thing!
Vehumet accepts your kill. The vampire hits you.
* * * LOW HITPOINT WARNING * * *
The vampire misses you.
Your Conjurations skill increases to level 10!
Unknown command.
Casting: Flame Wave (safe; 1% risk of failure)
Confirm with . or Enter, or press ? or * to list all spells.
You miscast Blink.
You are very lightly contaminated with residual magic.
Nothing appears to happen.
The vampire misses you. The vampire bites you!
You die...

...........
#...#.....#
........#.# ##
............h# .#
.............# # .#
..........c..##.#.#
.#####
..........?.'..†#
.##..# .....##.@V.#
.##..####+#......#.#
.##..##...#........#
.....##............#
#'#..##..#####+#####
..#..##..#..... ..
..#..##..#....#...
#.######.#..#...#.
#........#†B.°....


You could see a vampire (invisible), a centaur (confused) and a howler monkey.

Vanquished Creatures
  A centaur warrior (D:8)
  A two-headed ogre (D:10)
  An ugly thing (D:12)
  A manticore (D:12)
  2 gargoyles
  Maggie (D:9)
  A komodo dragon (D:10)
  An unseen horror (D:12)
  A kobold demonologist (D:11)
  A troll (D:12)
  A hornet (D:11)
  3 wyverns
  Sigmund (D:2)
  9 yaks
  2 wraiths
  2 steam dragons
  4 vampire mosquitoes
  3 water moccasins
  5 acid dragons
  16 orc warriors
  2 ice beasts
  2 black bears
  3 ogres
  13 centaurs
  2 phantoms
  6 kobold brigands
  3 bullfrogs
  A necrophage (D:5)
  A gnoll sergeant (D:7)
  A scorpion (D:5)
  3 wights (D:10)
  6 jellies
  3 howler monkeys
  An electric eel (D:9)
  3 hounds (D:6)
  A gnoll bouda (D:10)
  13 orc priests
  12 orc wizards
  2 iguanas
  10 adders
  14 gnolls
  2 river rats (Sewer)
  2 shadow imps (D:7)
  2 ufetubi
  4 worms (Sewer)
  2 dart slugs (D:1)
  59 orcs
  2 bat zombies (D:3)
  11 endoplasms
  13 giant cockroaches
  13 goblins
  3 hobgoblins
  2 jackals (D:1)
  6 quokkas
  15 ball pythons
  5 bats
  3 frilled lizards (D:3)
  19 kobolds
  6 rats
  A rat zombie (D:3)
329 creatures vanquished.

Vanquished Creatures (collateral kills)
  2 giant cockroaches (D:2)
2 creatures vanquished.

Vanquished Creatures (others)
  33 plants (D:10)
33 creatures vanquished.

Grand Total: 364 creatures vanquished

Notes
Turn   | Place    | Note
-------+----------+-------------------------------------------
     0 | D:1      | pokeman the Deep Elf Hedge Wizard began the quest for the
                  | Orb.
     0 | D:1      | Reached XP level 1. HP: 10/10 MP: 7/7
   386 | D:1      | Reached XP level 2. HP: 16/16 MP: 1/9
   905 | D:1      | Reached skill level 5 in Spellcasting
  1372 | D:2      | Reached XP level 3. HP: 20/20 MP: 8/11
  1376 | D:2      | Learned a level 3 spell: Mephitic Cloud
  1379 | D:2      | Learned a level 2 spell: Call Imp
  1382 | D:2      | Learned a level 2 spell: Blink
  1943 | D:2      | Reached skill level 1 in Armour
  2051 | D:2      | Noticed Sigmund
  2072 | D:2      | Killed Sigmund
  2073 | D:2      | Reached skill level 5 in Conjurations
  2073 | D:2      | Reached XP level 4. HP: 24/24 MP: 5/13
  2073 | D:2      | Reached XP level 5. HP: 28/28 MP: 5/14
  2398 | D:3      | Reached skill level 1 in Fighting
  2771 | D:3      | Found an ancient bone altar of Kikubaaqudgha.
  3529 | D:4      | Found an ornate altar of the Wu Jian Council.
  3552 | D:4      | Reached XP level 6. HP: 22/34 MP: 16/16
  3581 | D:4      | Found a glowing silver altar of Zin.
  4030 | D:4      | Reached skill level 1 in Poison Magic
  4131 | D:5      | Entered Level 5 of the Dungeon
  4167 | D:5      | Reached skill level 6 in Spellcasting
  4167 | D:5      | Reached skill level 1 in Air Magic
  4168 | D:5      | Reached skill level 1 in Evocations
  4168 | D:5      | Reached XP level 7. HP: 38/38 MP: 12/18
  4514 | D:5      | Found a glowing drain.
  4530 | Sewer    | Entered a sewer
  5173 | Sewer    | Reached skill level 7 in Spellcasting
  5179 | Sewer    | Learned a level 4 spell: Flame Wave
  5459 | D:5      | Reached skill level 1 in Shields
  5459 | D:5      | Reached XP level 8. HP: 44/44 MP: 20/20
  5505 | D:5      | Reached skill level 1 in Fire Magic
  5991 | D:5      | Found an iron altar of Okawaru.
  6023 | D:5      | Gained mutation: Your natural rate of healing is unusually
                  | fast. [potion of mutation]
  6023 | D:5      | Gained mutation: You occasionally shout uncontrollably at
                  | your foes. [potion of mutation]
  6023 | D:5      | Gained mutation: Your flesh is heat resistant. (rF+)
                  | [potion of mutation]
  6023 | D:5      | Gained mutation: You are somewhat resistant to further
                  | mutation. [potion of mutation]
  6371 | D:5      | Lost mutation: You occasionally shout uncontrollably at
                  | your foes. [potion of mutation]
  6371 | D:5      | Lost mutation: Your flesh is heat resistant. (rF+) [potion
                  | of mutation]
  6371 | D:5      | Lost mutation: Your natural rate of healing is unusually
                  | fast. [potion of mutation]
  6371 | D:5      | Gained mutation: Your mind is acute. (Int +4, Str/Dex -1)
                  | [potion of mutation]
  6372 | D:5      | Lost mutation: Your mind is acute. (Int +4, Str/Dex -1)
                  | [potion of mutation]
  6372 | D:5      | Lost mutation: You are somewhat resistant to further
                  | mutation. [potion of mutation]
  6372 | D:5      | Gained mutation: You are weak. (Str -2) [potion of
                  | mutation]
  6372 | D:5      | Gained mutation: You are partially covered in iridescent
                  | scales. (AC +2) [potion of mutation]
  6373 | D:5      | Lost mutation: You are weak. (Str -2) [potion of mutation]
  6373 | D:5      | Lost mutation: You are partially covered in iridescent
                  | scales. (AC +2) [potion of mutation]
  6373 | D:5      | Gained mutation: You have supernaturally acute eyesight.
                  | (SInv) [potion of mutation]
  6373 | D:5      | Gained mutation: Your muscles are strong. (Str +4, Int/Dex
                  | -1) [potion of mutation]
  6790 | D:6      | Found a staircase to the Ecumenical Temple.
  6797 | Temple   | Entered the Ecumenical Temple
  6807 | Temple   | Became a worshipper of Vehumet
  6914 | D:6      | Reached skill level 8 in Spellcasting
  7211 | D:6      | Found a bloodstained altar of Trog.
  7230 | D:6      | Found a shadowy altar of Dithmenos.
  7513 | D:7      | Reached XP level 9. HP: 48/48 MP: 23/23
  7768 | D:7      | Reached skill level 9 in Spellcasting
  8075 | D:7      | Found a hazy altar of Hepliaklqana.
  8104 | D:7      | Found an opulent altar of Gozag.
  8106 | D:7      | Found a burning altar of Makhleb.
  8108 | D:7      | Found a snail-covered altar of Cheibriados.
  8623 | D:8      | Noticed a centaur warrior
  8704 | D:8      | Killed a centaur warrior
  8705 | D:8      | Reached skill level 10 in Spellcasting
  8705 | D:8      | Reached skill level 5 in Summonings
  8796 | D:8      | Reached * piety under Vehumet
  8796 | D:8      | Offered knowledge of Shock by Vehumet.
  9147 | D:8      | Learned a level 3 spell: Stone Arrow
  9196 | D:8      | Found a shimmering blue altar of Sif Muna.
  9287 | D:8      | Reached XP level 10. HP: 26/53 MP: 26/26
  9446 | D:9      | Noticed Maggie
  9456 | D:9      | Reached skill level 5 in Fire Magic
  9458 | D:9      | Killed Maggie
  9459 | D:9      | Reached skill level 1 in Earth Magic
  9492 | D:9      | Reached skill level 11 in Spellcasting
  9887 | D:9      | Found Wiosoq's Book Shop.
  9891 | D:9      | Reached ** piety under Vehumet
  9972 | D:9      | Found Rareadad's Antique Armour Emporium.
 10035 | D:9      | Offered knowledge of Kiss of Death by Vehumet.
 10315 | D:9      | Found a staircase to the Orcish Mines.
 10328 | D:9      | Found Baongaats's General Store.
 10334 | D:9      | Bought a scroll of blinking for 97 gold pieces
 10452 | D:9      | Found an ornate altar of the Wu Jian Council.
 10471 | D:9      | Found an ancient bone altar of Kikubaaqudgha.
 10471 | D:9      | Found a shimmering altar of Xom.
 10473 | D:9      | Found a hazy altar of Hepliaklqana.
 10473 | D:9      | Found a shadowy altar of Dithmenos.
 10473 | D:9      | Found a snail-covered altar of Cheibriados.
 10820 | D:10     | Entered Level 10 of the Dungeon
 10835 | D:10     | Offered knowledge of Ignite Poison by Vehumet.
 10836 | D:10     | Reached skill level 12 in Spellcasting
 10911 | D:10     | Noticed a two-headed ogre
 10919 | D:10     | Killed a two-headed ogre
 11197 | D:10     | Found a flagged portal.
 11208 | Bailey   | Entered a bailey
 11255 | Bailey   | Reached *** piety under Vehumet
 11445 | Bailey   | Reached XP level 11. HP: 60/60 MP: 29/29
 11525 | Bailey   | Offered knowledge of Hailstorm by Vehumet.
 11686 | Bailey   | Identified the +9 executioner's axe of the Contumacious God
                  | {drain, rN+ Str+6 SInv}
 12136 | D:10     | Reached skill level 13 in Spellcasting
 12167 | D:10     | Found a glowing golden altar of the Shining One.
 12209 | D:10     | Found a staircase to the Lair.
 12315 | D:10     | Reached **** piety under Vehumet
 13317 | D:11     | Offered knowledge of Airstrike by Vehumet.
 14513 | D:12     | Noticed a boulder beetle
 14513 | D:12     | Noticed a boulder beetle
 14524 | D:12     | Reached skill level 14 in Spellcasting
 14726 | D:12     | Noticed a purple ugly thing
 14741 | D:12     | Killed a purple ugly thing
 14742 | D:12     | Reached skill level 10 in Conjurations
 14742 | D:12     | Slain by a vampire

Illustrated notes

Levels and vault maps discovered:
D:1:      lemuel_arrival_hallway, layout_basic, minmay_domino_2
D:2:      minmay_roachtagon, layout_loops_ring, uniq_sigmund
D:3:      layout_rooms, lemuel_zombie_altar_kikubaaqudgha, kennysheep_donut
D:4:      layout_gridville, zin_treasury, nzn_wu_jian_contemplation
D:5:      layout_basic, okawaru_metal_pillars_1_2, portal_sewer_entry_f,
          serial_curves, eino_curves_03, eino_curves_01, eino_curves_01
D:6:      layout_loops_cross, lemuel_doored_altar, trog_three_pillars_becter,
          minmay_temple_entry_drinking_statues, nrook_campfire
D:7:      layout_loops_ring, minitemple
D:8:      layout_basic, nicolae_sif_muna_condensation,
          small_chamber_with_monster
D:9:      layout_basic, doesnt_xom_only_xom, minmay_orc_entry_temple_small,
          serial_shops, nicolae_inconvenience_store, nicolae_shop_waterfront,
          shop_fountains, minmay_orc_keep, uniq_maggie
D:10:     layout_long_grid, nicolae_tso_carved_into_rock, david_lair_shrubbed,
          enter_bailey_7, nicolae_hexahallways
D:11:     layout_stronghold
D:12:     minmay_the_grid_plus [minmay_the_grid_odd_star,
          minmay_the_grid_broken_lines, minmay_the_grid_pillar_ring,
          minmay_the_grid_all_tris, minmay_the_grid_prize_diamond_cup],
          layout_stronghold, uniq_snorg
Temple:   dpeg_three_leaves_temple

Skill      XL: |  1  2  3  4  5  6  7  8  9 10 11 |
---------------+----------------------------------+-----
Spellcasting   | 5 6 7 8 10 12 14 | 14.1
Armour         | 1 3 |  3.0
Conjurations   | 5 6 7 8 9 10 | 10.0
Fighting       | 1 2 3 |  3.0
Stealth        | 3 |  3.2
Dodging        | 3 |  3.1
Poison Magic   | 1 |  1.0
Air Magic      | 1 |  1.3
Evocations     | 1 |  1.0
Summonings     | 3 4 5 7 8 |  8.1
Shields        | 1 2 4 |  4.2
Fire Magic     | 3 4 6 7 |  7.6
Earth Magic    | 2 |  2.0
Translocations | |  1.1

Action                   |  1- 3 |  4- 6 |  7- 9 | 10-12 || total
-------------------------+-------+-------+-------+-------++-------
Melee: Dagger            |    27 |    11 |    96 |     6 ||   140
       Punch             |     1 |       |       |       ||     1
       Short sword       |       |       |       |    23 ||    23
 Cast: Magic Dart        |    86 |    89 |   269 |   179 ||   623
       Mephitic Cloud    |     1 |     3 |    28 |    43 ||    75
       Call Imp          |     1 |       |       |       ||     1
       Blink             |       |       |     1 |       ||     1
       Flame Wave        |       |       |    12 |    34 ||    46
       Stone Arrow       |       |       |       |    63 ||    63
Evoke: Wand              |       |       |     6 |       ||     6
  Use: Potion            |       |       |     4 |       ||     4
       Scroll            |       |       |       |     8 ||     8
 Stab: Confused          |     1 |     1 |    13 |     9 ||    24
Armor: Robe              |     9 |     5 |    18 |       ||    32
       Steam dragon scal |       |       |       |    10 ||    10
Dodge: Dodged            |    31 |    17 |    93 |   116 ||   257
       Repelled          |       |       |       |     4 ||     4

Table legend: (Time is in decaauts)
 A = Elapsed time spent in this place.
 B = Non-inter-level travel time spent in this place.
 C = Inter-level travel time spent in this place.
 D = Time resting spent in this place.
 E = Time spent auto-exploring this place.
 F = Levels seen in this place.
 G = Mean time per level.
                   A        B        C        D        E       F      G
               +--------+--------+--------+--------+--------+-----+--------+
         Total |  14918 |  14187 |    731 |    321 |  11261 |  15 |  994.5 |
       Dungeon |  12980 |  12267 |    713 |    281 |  10022 |  12 | 1081.7 |
        Temple |    111 |     94 |     17 |      0 |     52 |   1 |  111.0 |
         Sewer |   1029 |   1029 |      0 |     40 |    799 |   1 | 1029.0 |
        Bailey |    798 |    798 |      0 |      0 |    387 |   1 |  798.0 |
               +--------+--------+--------+--------+--------+-----+--------+

Top non-repeatable levels by time:
     D:5: 1438 daAuts
    D:11: 1381 daAuts
     D:9: 1376 daAuts
     D:1: 1363 daAuts
    D:10: 1192 daAuts
     D:7: 1136 daAuts
     D:2: 1032 daAuts
   Sewer: 1029 daAuts
     D:6: 994 daAuts
     D:4: 940 daAuts
     D:8: 920 daAuts
  Bailey: 798 daAuts
     D:3: 792 daAuts
    D:12: 411 daAuts
  Temple: 111 daAuts
